 Dungeon Crawl Stone Soup version 0.27-a0-887-gcab673c142 (webtiles) character file.

Game seed: 5917906449821519978

861 mhtbhm the Chopper (level 7, -6/61 HPs)
             Began as a Minotaur Fighter on Apr 3, 2021.
             Mangled by a lemure (9 damage)
             ... led by Pikel
             ... on level 5 of the Dungeon.
             The game lasted 00:03:47 (3921 turns).

mhtbhm the Chopper (Minotaur Fighter)               Turns: 3921, Time: 00:03:47

Health: -6/61      AC: 11    Str: 22    XL:     7   Next: 71%
Magic:  6/6        EV:  8    Int:  5    God:
Gold:   246        SH: 10    Dex: 10    Spells: 6/6 levels left

rFire    . . .     SeeInvis +   a - +1 war axe (venom)
rCold    . . .     Faith    .   c - +0 kite shield
rNeg     . . .     Spirit   .   b - +0 scale mail
rPois    .         Reflect  .   (helmet restricted)
rElec    .         Harm     +   m - scarf {harm}
rCorr    .         Rampage  .   (no gloves)
Will     .....                  (no boots)
Stlth    ..........             u - amulet of magic regeneration
HPRegen  0.20/turn              e - +4 ring of protection
MPRegen  0.35/turn              q - ring of see invisible

@: berserk cooldown
A: horns 2, retaliatory headbutt
a: no special abilities


You were on level 5 of the Dungeon.
You visited 1 branch of the dungeon, and saw 5 of its levels.

You collected 246 gold pieces.

Inventory:

Hand Weapons
 a - a +1 war axe of venom (weapon)
Armour
 b - a +0 scale mail (worn)
 c - a +0 kite shield (worn)
 m - a scarf of harm (worn)
Jewellery
 e - a +4 ring of protection (left hand)
 q - a ring of see invisible (right hand)
 u - an amulet of magic regeneration (around neck)
Scrolls
 f - 2 scrolls of brand weapon
 g - a scroll of vulnerability {unknown}
 h - a scroll of fog
 i - a scroll of noise {unknown}
 k - a scroll of fear {unknown}
 n - 3 scrolls of teleportation {unknown}
 p - 2 scrolls of identify
 t - a scroll of amnesia {unknown}
Potions
 d - a potion of might
 l - 2 potions of curing
 o - a potion of mutation {unknown}
 r - a potion of degeneration {unknown}
 s - 2 potions of heal wounds {unknown}


   Skills:
 + Level 5.5 Fighting
 + Level 7.1 Axes
 + Level 5.8 Armour
 + Level 2.0 Dodging
 + Level 1.2 Stealth
 + Level 5.3 Shields


You had 6 spell levels left.
You didn't know any spells.
Your spell library contained the following spells:

 Spells                   Type           Power      Damage    Failure   Level
 Beastly Appendage        Tmut           0%         N/A       99%         1
 Magic Dart               Conj           0%         1d3       99%         1
 Blink                    Tloc           N/A        N/A       100%        2
 Call Imp                 Summ           0%         N/A       100%        2
 Slow                     Hex            0%         N/A       100%        2
 Wereblood                Tmut           0%         N/A       100%        2
 Confusing Touch          Hex            0%         N/A       100%        3
 Conjure Flame            Conj/Fire      0%         6-21      100%        3
 Gell's Gravitas          Tloc           0%         N/A       100%        3
 Mephitic Cloud           Conj/Pois/Air  0%         N/A       100%        3
 Spider Form              Tmut/Pois      0%         N/A       100%        3
 Ice Form                 Ice/Tmut       0%         N/A       100%        4
 Petrify                  Tmut/Erth      0%         N/A       100%        4
 Hydra Form               Tmut           0%         N/A       100%        5
 Metabolic Englaciation   Hex/Ice        0%         N/A       100%        5
 Yara's Violent Unravell  Hex/Tmut       0%         3d3       100%        5


Dungeon Overview and Level Annotations

Branches:
Dungeon (5/15)
 Temple: D:4-7

Altars:


Innate Abilities, Weirdness & Mutations

You have a pair of horns on your head.
You reflexively headbutt those who attack you in melee.


Message History

You hit the orc.
You kill the orc!
Found a falchion.
Items here: )) [ †.
You feel a strong urge to attack something.
You start resting.
You feel your anger nearly subside.
You are no longer berserk.
You are exhausted.
You feel yourself slow down.
You start resting.
A lemure comes into view.
A lemure is nearby!
A lemure is nearby!
A lemure is nearby!
A lemure comes into view.
The lemure shouts!
You hear a shout!
You see here 20 sling bullets.
You see here 15 stones.
You block the lemure's attack. You block the lemure's attack.
You block the lemure's attack.
Found 16 gold pieces.
You see here a scorpion corpse.
You barely miss the lemure. Your headbutt misses the lemure.
You feel yourself speed up. The lemure hits you but does no damage.
You closely miss the lemure. Your headbutt misses the lemure.
The lemure hits you but does no damage. The lemure hits you.
* * * LOW HITPOINT WARNING * * *
You slash the lemure!
The lemure is poisoned.
The lemure is heavily wounded.
The lemure hits you.
* * * LOW HITPOINT WARNING * * *
You barely miss the lemure.
The lemure is heavily wounded.
The lemure barely misses you.
You hit the lemure.
The lemure is severely wounded.
The lemure hits you!
You die...

.....###...)........
#.......#########
####....###
#.........#
.#########
##.####.##.#
..)......# ###..#
#.# #
..######(#####...##
#.. ..
#.(.....########.#
)#
###.....5@.>.....# .
#.###########.$ #
#.# #.# #.# ..# ...


You could see a lemure (very poisoned).

Vanquished Creatures
  A black bear (D:5)
  2 ogres (D:5)
  4 scorpions
  A jelly (D:4)
  3 orc priests (D:5)
  An iguana (D:5)
  2 orc wizards (D:5)
  A hound skeleton (D:4)
  5 adders
  A shadow imp (D:5)
  An ufetubus (D:5)
  3 worms (D:2)
  6 orcs
  11 ball pythons
  5 bats
  4 endoplasms
  4 giant cockroaches
  5 goblins
  10 hobgoblins
  4 jackals (D:5)
  5 kobolds
  2 quokkas
  2 frilled lizards
  7 rats
90 creatures vanquished.

Notes
Turn   | Place    | Note
-------+----------+-------------------------------------------
     0 | D:1      | mhtbhm the Minotaur Fighter began the quest for the Orb.
     0 | D:1      | Reached XP level 1. HP: 19/19 MP: 0/0
   154 | D:1      | Reached XP level 2. HP: 26/27 MP: 1/1
   656 | D:1      | Found a faded altar of an unknown god.
  1047 | D:2      | Reached XP level 3. HP: 33/34 MP: 2/2
  1279 | D:2      | Reached skill level 3 in Axes
  1928 | D:2      | Reached XP level 4. HP: 40/41 MP: 3/3
  2902 | D:4      | Noticed a scorpion
  2908 | D:4      | Killed a scorpion
  2909 | D:4      | Reached skill level 4 in Axes
  2909 | D:4      | Reached XP level 5. HP: 47/47 MP: 4/4
  3252 | D:5      | Entered Level 5 of the Dungeon
  3253 | D:5      | Noticed a black bear
  3255 | D:5      | Reached XP level 6. HP: 39/55 MP: 5/5
  3256 | D:5      | Reached skill level 5 in Fighting
  3256 | D:5      | Reached skill level 5 in Axes
  3256 | D:5      | Reached skill level 1 in Dodging
  3447 | D:4      | Reached skill level 5 in Armour
  3455 | D:5      | Reached skill level 6 in Axes
  3455 | D:5      | Reached skill level 5 in Shields
  3455 | D:5      | Reached XP level 7. HP: 43/61 MP: 6/6
  3491 | D:5      | Reached skill level 1 in Stealth
  3895 | D:5      | Reached skill level 7 in Axes
  3919 | D:5      | HP: 3/61 [lemure[Pikel] (4)]
  3921 | D:5      | Mangled by a lemure

Illustrated notes

Levels and vault maps discovered:
D:1:      elethiomel_arrival_diamonds, layout_loops_corners,
          basic_ecumenical_altar
D:2:      layout_basic
D:3:      layout_basic
D:4:      layout_cave_pools
D:5:      layout_rooms, serial_shops, nicolae_shop_waterfront,
          nrook_mini_vaults, chequers_mini_garden, minmay_between, uniq_pikel,
          uniq_crazy_yiuf_cottage

Skill      XL: |  1  2  3  4  5  6  7 |
---------------+----------------------+-----
Fighting       | 4 5 |  5.5
Shields        | 4 5 |  5.3
Axes           | 3 4 6 7 |  7.1
Armour         | 4 5 |  5.8
Dodging        | 1 2 |  2.0
Stealth        | 1 |  1.2

Action                   |  1- 3 |  4- 6 |  7- 9 || total
-------------------------+-------+-------+-------++-------
Melee: War axe           |    83 |    61 |    36 ||   180
       Headbutt          |    15 |     9 |     2 ||    26
  Use: Scroll            |     4 |       |       ||     4
       Potion            |       |     2 |     2 ||     4
Armor: Scale mail        |    42 |    39 |    15 ||    96
Dodge: Dodged            |    23 |    19 |    13 ||    55
Block: Kite shield       |    45 |    25 |    26 ||    96

Table legend: (Time is in decaauts)
 A = Elapsed time spent in this place.
 B = Non-inter-level travel time spent in this place.
 C = Inter-level travel time spent in this place.
 D = Time resting spent in this place.
 E = Time spent auto-exploring this place.
 F = Levels seen in this place.
 G = Mean time per level.
                   A        B        C        D        E       F      G
               +--------+--------+--------+--------+--------+-----+--------+
         Total |   4027 |   4027 |      0 |    463 |   2836 |   5 |  805.4 |
       Dungeon |   4027 |   4027 |      0 |    463 |   2836 |   5 |  805.4 |
               +--------+--------+--------+--------+--------+-----+--------+

Top non-repeatable levels by time:
     D:2: 1152 daAuts
     D:1: 965 daAuts
     D:3: 779 daAuts
     D:4: 622 daAuts
     D:5: 508 daAuts
